 Dungeon Crawl Stone Soup version 0.30-a0-622-gddc90eaa04 (webtiles) character file.

Game seed: 12982765885668206949

67 Leeroy the Sneak (level 4, 0/24 HPs)
             Began as a Kobold Enchanter on Jan 10, 2023.
             Slain by an adder (3 damage)
             ... on level 2 of the Dungeon.
             The game lasted 00:01:55 (1498 turns).

Leeroy the Sneak (Kobold Enchanter)                 Turns: 1498, Time: 00:01:56

Health: 0/24       AC:  2    Str:  5    XL:     4   Next: 40%
Magic:  3/7        EV: 15    Int: 16    God:
Gold:   92         SH:  0    Dex: 17    Spells: 5/7 levels left

rFire   . . .      SeeInvis .    a - +1 dagger
rCold   . . .      Faith    .    (no shield)
rNeg    . . .      Spirit   .    b - +0 robe
rPois   .          Reflect  .    (no helmet)
rElec   .          Harm     .    (no cloak)
rCorr   .          Rampage  .    (no gloves)
Will    .....                    (no boots)
Stlth   +++++                    (no amulet)
HPRegen 0.24/turn                (no ring)
MPRegen 0.10/turn                (no ring)

@: no status effects
A: small, no large weapons, nightstalker 3
a: no special abilities


You were on level 2 of the Dungeon.
You visited 1 branch of the dungeon, and saw 2 of its levels.

You collected 92 gold pieces.

Inventory:

Hand Weapons
 a - a +1 dagger (weapon)
Missiles
 j - 5 curare-tipped darts (quivered)
Armour
 b - a +0 robe (worn)
Scrolls
 e - a scroll of enchant weapon {unknown}
 f - a scroll of brand weapon {unknown}
 h - 2 scrolls of vulnerability {unknown}
 k - 3 scrolls of butterflies {unknown}
 l - a scroll of teleportation {unknown}
 n - a scroll of immolation {unknown}
Potions
 c - 2 potions of invisibility
 d - 3 potions of degeneration {unknown}
 g - a potion of cancellation {unknown}
 i - a potion of ambrosia {unknown}
 m - a potion of curing {unknown}
 o - a potion of berserk rage {unknown}
 p - a potion of mutation {unknown}


   Skills:
 - Level 1.3 Short Blades
 - Level 2.4 Dodging
 + Level 6.8 Stealth
 - Level 2.1 Spellcasting
 - Level 3.0 Hexes
 + Level 0.5 Ice Magic


You had 5 spell levels left.
You knew the following spells:

 Your Spells              Type           Power      Damage    Failure   Level
a - Ensorcelled Hibernat  Hex/Ice        14%        N/A       16%         2

Your spell library contained the following spells:

 Spells                   Type           Power      Damage    Failure   Level
 Confusing Touch          Hex            11%        N/A       19%         3
 Tukima's Dance           Hex            11%        N/A       19%         3
 Dazzling Flash           Conj/Hex       12%        N/A       32%         3


Dungeon Overview and Level Annotations

Branches:
Dungeon (2/15)

Altars:

Shops:
D:1 :


Innate Abilities, Weirdness & Mutations

You are small and have problems with some larger weapons.
You are completely attuned to the shadows.


Message History

Found a stone staircase leading down.
d - 3 white potions (gained 1)
Found 5 large rocks.
You now have 92 gold pieces (gained 9).
An adder comes into view.
Found an iron ring.
An adder is nearby!
A goblin comes into view. It is wielding a +0 club.
The adder hisses angrily.
The goblin shouts!
The adder bites you.
You are poisoned.
The adder poisons you!
You barely miss the adder.
You feel sick. The adder bites you but does no damage.
The adder barely misses you. The goblin hits you with a +0 club.
You barely miss the adder.
You feel sick. The adder bites you. The goblin hits you with a +0 club.
You feel sick. The goblin barely misses you.
The goblin attacks as you move away! The goblin hits you with a +0 club.
You feel sick. The adder attacks as you move away! The adder barely misses you.
You feel sick.
You are no longer poisoned.
The adder bites you but does no damage.
You miss the adder. The adder bites you.
* * * LOW HITPOINT WARNING * * *
Casting: Ensorcelled Hibernation (safe; 16% risk of failure)
Confirm with . or Enter, or press ? or * to list all spells.
Aiming: Ensorcelled Hibernation (safe; 16% risk of failure)
Press: ? - help, Shift-Dir - straight line, f - adder
Aim: an adder (chance to affect: 50%)
The adder resists with some effort.
The adder bites you.
* * * LOW HITPOINT WARNING * * *
The adder closely misses you.
Casting: Ensorcelled Hibernation (safe; 16% risk of failure)
Confirm with . or Enter, or press ? or * to list all spells.
Aiming: Ensorcelled Hibernation (safe; 16% risk of failure)
Press: ? - help, Shift-Dir - straight line, f/p - adder
Aim: an adder (chance to affect: 50%)
The adder resists with some effort.
The adder bites you.
You die...

#.. #..# #.# #..# #..# #.
#.# #..# #..#####.####.#
###..######..=........#.#
.........................
.##...#####.#..### ##.#.#
.......(.@Sg#..# ##...>#
#.##...#####.#..#####.###.#
#.###.## #..........# #.#
#.##.#.# #.##.#####>###.#
#.#.###....#.##.# ##...##
#..## #......#.# ##.## #.##
#........ #.# #..##
##......# #.#
#...###......##########.#


You could see an adder and a goblin.

Vanquished Creatures
  An adder (D:2)
  An ufetubus (D:2)
  5 dart slugs
  A bat (D:1)
  4 endoplasms
  6 giant cockroaches
  2 goblins (D:1)
  3 hobgoblins
  2 jackals (D:1)
  A quokka (D:1)
  4 ball pythons
  3 frilled lizards
  4 kobolds
  4 rats (D:2)
41 creatures vanquished.

Notes
Turn   | Place    | Note
-------+----------+-------------------------------------------
     0 | D:1      | Leeroy the Kobold Enchanter began the quest for the Orb.
     0 | D:1      | Reached XP level 1. HP: 10/10 MP: 3/3
    42 | D:1      | Found a faded altar of an unknown god.
    99 | D:1      | Reached XP level 2. HP: 15/15 MP: 5/5
   102 | D:1      | Learned a level 2 spell: Ensorcelled Hibernation
   114 | D:1      | Reached skill level 5 in Stealth
   228 | D:1      | Found Wyclet's Book Shoppe.
   349 | D:1      | Reached XP level 3. HP: 19/19 MP: 6/6
   703 | D:1      | Reached skill level 6 in Stealth
  1202 | D:2      | Reached XP level 4. HP: 24/24 MP: 7/7
  1498 | D:2      | Slain by an adder

Illustrated notes

Levels and vault maps discovered:
D:1:      dpeg_arrival_round_a, layout_loops_ring,
          hellmonk_ecumenical_altar_run_dry, serial_shops, shop,
          grunt_decor_clamped, serial_bayou_pond_e,
          minmay_misc_feat_more_columns
D:2:      layout_loops_ring, minmay_hexomino_c4

Skill      XL: |  1  2  3 |
---------------+----------+-----
Stealth        | 5 6 |  6.8
Short Blades   | |  1.3
Dodging        | |  2.4
Spellcasting   | |  2.1
Hexes          | |  3.0
Ice Magic      | |  0.5

Action                   |  1- 3 |  4- 6 || total
-------------------------+-------+-------++-------
Melee: Dagger            |    55 |    28 ||    83
       Punch             |     1 |     1 ||     2
 Cast: Ensorcelled Hiber |     2 |     2 ||     4
  Use: Potion            |       |     1 ||     1
 Stab: Sleeping          |    15 |     6 ||    21
       Invisible         |       |     1 ||     1
Armor: Robe              |     5 |     6 ||    11
Dodge: Dodged            |    29 |    19 ||    48

Table legend: (Time is in decaauts)
 A = Elapsed time spent in this place.
 B = Non-inter-level travel time spent in this place.
 C = Inter-level travel time spent in this place.
 D = Time resting spent in this place.
 E = Time spent auto-exploring this place.
 F = Levels seen in this place.
 G = Mean time per level.
                   A        B        C        D        E       F      G
               +--------+--------+--------+--------+--------+-----+--------+
         Total |   1493 |   1416 |     77 |      0 |   1180 |   2 |  746.5 |
       Dungeon |   1493 |   1416 |     77 |      0 |   1180 |   2 |  746.5 |
               +--------+--------+--------+--------+--------+-----+--------+

Top non-repeatable levels by time:
     D:1: 1050 daAuts
     D:2: 442 daAuts
